 Dungeon Crawl Stone Soup version 0.30.1-8-g117510f58f (webtiles) character file.

Game seed: 17389025953284125025

1555 Amplified the Twirler (level 8, -10/58 HPs)
             Began as a Mummy Gladiator on Sept 22, 2023.
             Was an Initiate of Gozag.
             Killed by divine providence
             ... invoked by an orc priest
              (15 damage)
             ... on level 9 of the Dungeon.
             The game lasted 00:14:46 (7328 turns).

Amplified the Twirler (Mummy Gladiator)             Turns: 7328, Time: 00:14:47

Health: -10/58     AC:  5    Str: 24    XL:     8   Next: 58%
Magic:  11/11      EV: 12    Int:  9    God:    Gozag
Gold:   154        SH:  5    Dex: 13    Spells: 5/12 levels left

rFire   x . .        a - +0 quarterstaff
rCold   + . .        (shield currently unavailable)
rNeg    + + +        b - +0 leather armour
rPois   ∞            c - +1 helmet
rElec   .            (no cloak)
rCorr   .            (no gloves)
SInv    .            (no boots)
Will    +....        n - amulet of reflection
Stlth   +            o - +6 ring of strength
HPRegen 0.29/turn    (no ring)
MPRegen 0.12/turn

%: reflection, faith
@: mighty, brilliant, hasted, very quick
A: cold resistance 1, negative energy resistance 3, torment resistance 2, heat
vulnerability 1, in touch with death 1, no potions, faith
a: Renounce Religion, Potion Petition, Call Merchant, Bribe Branch


You were on level 9 of the Dungeon.
You worshipped Gozag.
Gozag was aware of your devotion.
You visited 1 branch of the dungeon, and saw 8 of its levels.
You also visited: Ossuary.

You collected 998 gold pieces.
You paid 844 gold pieces to Gozag.

Inventory:

Hand Weapons
 a - a +0 quarterstaff (weapon)
Missiles
 h - a javelin (quivered)
Armour
 b - a +0 leather armour (worn)
 c - a +1 helmet (worn)
 l - an orb of mayhem
Magical Staves
 k - a staff of poison
Jewellery
 n - an amulet of reflection (around neck)
 o - a +6 ring of strength (left hand)
Scrolls
 e - 2 scrolls of identify
 i - a scroll of noise
 j - a scroll of butterflies
 m - 3 scrolls of fog


   Skills:
 - Level 3.1 Fighting
 * Level 5.4 Staves
 - Level 1.7 Throwing
 - Level 3.2 Dodging
 - Level 2.5 Spellcasting
 - Level 0.2 Hexes
 * Level 4.4 Poison Magic
 * Level 4.4 Evocations


You had 5 spell levels left.
You knew the following spells:

 Your Spells              Type           Power      Damage    Failure   Level
a - Slow                  Hex            8%         N/A       32%         1
b - Confusing Touch       Hex            2%         N/A       69%         3
c - Ignite Poison         Fire/Tmut/Pois 5%         N/A       52%         3

Your spell library contained the following spells:

 Spells                   Type           Power      Damage    Failure   Level
 Vampiric Draining        Necr           2%         2d6       73%         3
 Sticky Flame             Conj/Fire      1%         2d3       98%         4
 Ignition                 Fire           0%         3d3       100%        8


Dungeon Overview and Level Annotations

Branches:
Dungeon (9/15)                Orc (0/2) D:9         Ossuary (visited)
 Temple: D:4-7         Lair: D:8-11

Altars:
Gozag
Hepliaklqana
Kikubaaqudgha
Okawaru
Sif Muna
Trog
Uskayaw
Vehumet
Wu Jian
Xom

Shops:
D:4 *

Annotations:
D:5 Edmund


Innate Abilities, Weirdness & Mutations

You are immune to poison.
Your flesh is cold resistant. (rC+)
You are immune to negative energy. (rN+++)
You are immune to unholy pain and torment.
You are vulnerable to heat. (rF-)
You are in touch with the powers of death.
You do not drink.
You have a special connection with the divine. (Faith)


Message History

Unknown command.
Unknown command.
Found a shiny ruby ring.
Unknown command.
Okay, then.
You aren't carrying any items that you can evoke.
Unknown command.
Found a dagger.
Found a wand of mindburst (7) and 12 gold pieces.
Found an escape hatch in the floor.
A wyvern comes into view.
Found an escape hatch in the ceiling.
There is an escape hatch in the floor here.
You slide downwards.
The hatch slams shut behind you.
Found a cloak.
Found a staircase to the Orcish Mines.
Unknown command.
Unknown command.
Okay, then.
Unknown command.
A troll zombie comes into view.
Found a leather armour.
The shadow slips into darkness.
The shadow flickers and vanishes!
Deactivating autopickup; reactivate with Ctrl-A.
Unknown command.
An orc zombie, a troll zombie and a kobold come into view.
Unknown command.
An orc zombie and 2 kobolds come into view.
The orc priest shouts!
The kobold shouts!
The ogre zombie hits you.
* * * LOW HITPOINT WARNING * * *
Unknown command.
Unknown command.
An ogre zombie and a kobold brigand come into view.
The kobold brigand is wielding a +0 dagger and quivering poisoned darts.
The kobold brigand shouts!
The orc priest calls down the wrath of Beogh upon you.
Beogh smites you!
You die...
Your body crumbles into a pile of gold.

... Z# ..### .#
....##.##
Z.#.... ##..#.#
#..#..## .#
####....#.#.K##
#...Wo.@ZZ.K..#
#.#.Z##.###K##.
##Z..#.#.K.#
#..ZZ...Z##.Z#
#....##Z#...[#.#
#..Z. ##.#..#..#
##.# .. ###Z#.#
#Z ### . $ . $
.#


You could see a kobold brigand, a phantom, an orc priest, 5 orc zombies, 3 ogre
zombies and 3 kobolds.

Vanquished Creatures
  A water moccasin (D:6)
  A sky beast (D:6)
  2 black bears
  An ice beast (D:6)
  A phantom (D:6)
  2 bullfrogs (D:6)
  2 scorpions (D:5)
  A wight (D:8)
  A killer bee (D:5)
  A howler monkey (D:6)
  2 jellies
  3 hounds
  An orc priest (D:3)
  2 quasits (D:5)
  A sleepcap (D:6)
  Jessica (D:3)
  7 mummies (Ossuary)
  A gnoll (D:5)
  3 adders
  5 shadow imps
  3 white imps
  An ufetubus (D:6)
  A worm (D:5)
  2 dart slugs (D:2)
  8 orcs
  4 bats
  8 endoplasms
  6 giant cockroaches
  10 goblins
  7 hobgoblins
  2 jackals (D:1)
  11 kobolds
  6 quokkas
  13 ball pythons
  3 frilled lizards (D:3)
  A gnoll zombie (Ossuary)
  A goblin zombie (D:5)
  2 hobgoblin zombies (Ossuary)
  3 kobold zombies (Ossuary)
  2 orc zombies (Ossuary)
  A quokka zombie (D:5)
  4 rats
  A spectral goblin (D:4)
139 creatures vanquished.

Vanquished Creatures (collateral kills)
  An iguana (D:5)
  A mummy (Ossuary)
  An adder (D:5)
3 creatures vanquished.

Vanquished Creatures (others)
  A black bear (D:5)
  A human (D:4)
2 creatures vanquished.

Grand Total: 144 creatures vanquished

Notes
Turn   | Place    | Note
-------+----------+-------------------------------------------
     0 | D:1      | Amplified the Mummy Gladiator began the quest for the Orb.
     0 | D:1      | Reached XP level 1. HP: 16/16 MP: 1/1
   102 | D:1      | Reached XP level 2. HP: 15/22 MP: 2/2
   380 | D:1      | Learned a level 1 spell: Slow
   540 | D:1      | Reached skill level 1 in Spellcasting
   618 | D:1      | Gained mutation: You are in touch with the powers of death.
                  | [Mummy growth]
   618 | D:1      | Reached XP level 3. HP: 28/28 MP: 4/4
   808 | D:1      | Learned a level 3 spell: Confusing Touch
  1247 | D:2      | Found a faded altar of an unknown god.
  1363 | D:2      | Reached XP level 4. HP: 34/34 MP: 6/6
  1998 | D:3      | Noticed Jessica
  2016 | D:3      | Killed Jessica
  2017 | D:3      | Reached skill level 3 in Staves
  2476 | D:4      | Found a hazy altar of Hepliaklqana.
  2481 | D:4      | Reached XP level 5. HP: 40/40 MP: 8/8
  2517 | D:4      | Found a hide-covered altar of Uskayaw.
  2569 | D:4      | Reached skill level 1 in Poison Magic
  2569 | D:4      | Reached skill level 1 in Evocations
  2634 | D:4      | Found a shimmering blue altar of Sif Muna.
  2839 | D:4      | Found an opulent altar of Gozag.
  2866 | D:4      | Became a worshipper of Gozag Ym Sagoz the Greedy
  3279 | D:4      | Found Voepakya's General Store.
  3354 | D:5      | Entered Level 5 of the Dungeon
  3444 | D:5      | Noticed Edmund
  3491 | D:5      | Found a sand-covered staircase.
  3526 | Ossuary  | Entered an ossuary
  3541 | Ossuary  | Learned a level 3 spell: Ignite Poison
  3683 | Ossuary  | Reached XP level 6. HP: 4/47 MP: 9/9
  4273 | D:5      | Reached XP level 7. HP: 20/52 MP: 7/10
  4493 | D:5      | Reached skill level 4 in Staves
  4674 | D:5      | Found a shimmering altar of Xom.
  4674 | D:5      | Found an iron altar of Okawaru.
  5621 | D:6      | Reached XP level 8. HP: 29/58 MP: 11/11
  6028 | D:6      | Found a radiant altar of Vehumet.
  6299 | D:5      | Found an ornate altar of the Wu Jian Council.
  6384 | D:5      | Found a bloodstained altar of Trog.
  6526 | D:4      | Found an ancient bone altar of Kikubaaqudgha.
  6759 | D:6      | Reached skill level 5 in Staves
  7116 | D:6      | You fall into a shaft and drop 2 floors!
  7291 | D:8      | Noticed a komodo dragon
  7292 | D:8      | Noticed a cyclops
  7292 | D:8      | Noticed a slime creature
  7292 | D:8      | Noticed a tengu warrior
  7293 | D:8      | HP: 2/58 [bullfrog (3)]
  7293 | D:8      | Noticed a cyclops
  7295 | D:8      | Noticed a centaur warrior
  7323 | D:9      | Found a staircase to the Orcish Mines.
  7328 | D:9      | Killed from afar by an orc priest

Illustrated notes

Levels and vault maps discovered:
D:1:      spicycebolla_arrival_xxxplode, layout_basic, minmay_misc_feat_columns,
          item_on_display_b
D:2:      layout_loops_ring, hellmonk_ecumenical_altar_arch_garden
D:3:      layout_rooms, mainiacjoe_overflow_tiny_flanked,
          kennysheep_jessica_study
D:4:      layout_basic, nicolae_gozag_seed_capital, nicolae_uskayaw_dance_hall,
          tgw_kikubaaqudgha, nicolae_hepliaklqana_monster_ancestors,
          lemuel_doored_altar, serial_shops, shop
D:5:      layout_basic, jmf_multi_god_temple, mainiacjoe_overflow_two_lobes,
          serial_demonic, serial_demonic_d, serial_demonic_e, serial_demonic_f,
          serial_demonic_f, enter_ossuary_4, uniq_edmund
D:6:      layout_rooms, mainiacjoe_overflow_24_doors, serial_co_window_serial,
          co_window_of_opportunity_a, co_window_corner_a, co_window_paths_b,
          co_window_paths_a, co_window_paths_a, co_window_corner_a,
          co_window_paths_b, co_window_broadway_c, co_window_unsneaky_path_a,
          co_window_corner_b, glass_columns_b, glass_columns_a, glass_columns_b
D:8:      minmay_the_grid_square_5x5_3x3 [minmay_the_grid_square_5x5_z,
          minmay_the_grid_square_5x5_lines,
          minmay_the_grid_square_5x5_checkered,
          minmay_the_grid_square_5x5_eight,
          minmay_the_grid_square_5x5_megaprize_diamond,
          minmay_the_grid_square_5x5_mess, minmay_the_grid_square_5x5_shuriken,
          minmay_the_grid_square_5x5_minibox,
          minmay_the_grid_square_5x5_almost_minimal], layout_rooms,
          nicolae_qazlal_style_of_elements, lair_entry_dummy, uniq_erica
D:9:      minmay_general_purpose_star, layout_small_grid, zombieorc1_lemuel,
          minmay_misc_feat_tower, uniq_erolcha

Skill      XL: |  1  2  3  4  5  6  7  8 |
---------------+-------------------------+-----
Spellcasting   | 1 2 |  2.5
Dodging        | 3 |  3.2
Staves         | 3 4 5 |  5.4
Poison Magic   | 1 2 3 4 |  4.4
Evocations     | 1 2 3 4 |  4.4
Fighting       | 3 |  3.1
Throwing       | |  1.7
Hexes          | |  0.2

Action                     |  1- 3 |  4- 6 |  7- 9 || total
---------------------------+-------+-------+-------++-------
  Melee: Quarterstaff      |    87 |    64 |    34 ||   185
         Staff             |    68 |   281 |   224 ||   573
         Punch             |       |     1 |     3 ||     4
  Throw: Throwing net      |       |     7 |     2 ||     9
         Javelin           |       |     2 |     1 ||     3
   Cast: Slow              |     3 |     2 |     6 ||    11
 Invoke: Potion Petition   |       |     2 |     1 ||     3
  Evoke: Wand              |       |    10 |    12 ||    22
    Use: Scroll            |     6 |    13 |     4 ||    23
   Stab: Sleeping          |     2 |     1 |       ||     3
         Held in net/web   |       |     2 |       ||     2
 Armour: Leather armour    |    42 |   105 |    58 ||   205
  Dodge: Dodged            |   108 |   231 |   161 ||   500
  Block: Other             |       |       |    17 ||    17
         Reflection        |       |       |     1 ||     1
